 Dungeon Crawl Stone Soup version 0.20.0-15-g7f486f2 (webtiles) character file.

119011 stebl the Black Belt (level 16, -4/153 HPs)
             Began as a Purple Draconian Transmuter on June 9, 2017.
             Was the Champion of Hepliaklqana.
             Slain by a hornet (6 damage)
             ... created by a shambling mangrove
             ... on level 1 of the Swamp on June 12, 2017.
             The game lasted 03:17:54 (43282 turns).

stebl the Black Belt (Purple Draconian Transmuter) Turns: 43282, Time: 03:17:54

Health: -4/153     AC:  6    Str: 17    XL:     16   Next: 26%
Magic:  23/23      EV: 14    Int: 14    God:    Hepliaklqana [******]
Gold:   1687       SH:  0    Dex: 18    Spells: 1/25 levels left

rFire    x . .     SeeInvis +     - Unarmed
rCold    + + +     Gourm    .   (shield currently unavailable)
rNeg     . . .     Faith    .   (armour unavailable)
rPois    +         Spirit   .   (helmet currently unavailable)
rElec    .         Reflect  .   (cloak currently unavailable)
rCorr    .         Harm     .   (gloves currently unavailable)
MR       +++..                  (boots currently unavailable)
Stlth    ++........             (no amulet)
Regen    0.4/turn               A - ring of protection from magic
MPRegen  0.2/turn               K - ring of Xom's Absentmindedness {Str+4 SInv}

@: ice-form (expiring), slowed, very slow
A: (breathe power), unfitting armour, reduced essence, AC +9
a: End Transformation, Recall Ancestor, Ancestor Identity, Transference,
Idealise, Renounce Religion


You were on level 1 of the Swamp.
You worshipped Hepliaklqana.
Hepliaklqana was exalted by your worship.
You were very hungry.
You were a creature of crystalline ice.
You visited 5 branches of the dungeon, and saw 25 of its levels.

You collected 2392 gold pieces.
You spent 705 gold pieces at shops.

Inventory:

Missiles
 a - 249 arrows
 c - 7 javelins
 C - 41 tomahawks (quivered)
Armour
 i - a scarf of repulsion (melded)
 t - a +1 pair of boots (melded)
 x - a scarf of resistance
 J - a +2 pair of gloves (melded)
Jewellery
 h - an uncursed ring of protection from fire {unknown}
 A - a ring of protection from magic (left front paw)
 K - the ring of Xom's Absentmindedness (right front paw) {Str+4 SInv}
   (You found it on level 8 of the Dungeon)

   [ring of see invisible]

   It affects your strength (+4).
   It lets you see invisible.
 L - an uncursed ring of wizardry
Wands
 D - a wand of iceblast (0/15)
 I - a wand of paralysis (16/24)
 M - a wand of acid (0/15)
 R - a wand of confusion (21/48)
 T - a wand of digging (10/24)
 Y - a wand of flame (17/48)
Scrolls
 e - 6 scrolls of recharging
 r - a scroll of fog
 s - 4 scrolls of magic mapping
 u - 6 scrolls of teleportation
 y - 9 scrolls of remove curse
 E - a scroll of acquirement {unknown}
 F - 3 scrolls of fear {unknown}
 G - 4 scrolls of immolation {unknown}
 N - 3 scrolls of blinking
 X - a scroll of vulnerability {unknown}
Potions
 g - a potion of berserk rage
 j - a potion of cancellation
 k - 4 potions of agility
 l - 3 potions of ambrosia
 o - 5 potions of resistance
 w - 6 potions of curing
 B - a potion of haste
 H - 10 potions of heal wounds
 O - 6 potions of brilliance
 P - a potion of invisibility
 Q - 2 potions of might
Books
 d - a book of Transfigurations

   Spells                             Type                      Level
   a - Irradiate                      Conjuration/Transmutation    5
   b - Statue Form                    Transmutation/Earth          6
   c - Hydra Form                     Transmutation                6
   d - Dragon Form                    Transmutation                7
Miscellaneous
 p - a sack of spiders
 Z - a fan of gales
Comestibles
 b - 2 bread rations
 f - 19 fruits
 m - 7 meat rations


   Skills:
 - Level 13.0 Fighting
 - Level 6.5 Dodging
 - Level 20.1 Unarmed Combat
 - Level 5.0 Spellcasting
 * Level 13.0 Transmutations
 - Level 4.0 Ice Magic
 * Level 5.4 Earth Magic
 - Level 1.0 Poison Magic
 - Level 1.3 Invocations


You had one spell level left.
You knew the following spells:

 Your Spells              Type           Power        Failure   Level  Hunger
a - Beastly Appendage     Tmut           #####.       1%          1    None
b - Sticks to Snakes      Tmut           #####...     1%          2    ##.....
c - Spider Form           Tmut/Pois      ###.......   3%          3    ###....
d - Ice Form              Ice/Tmut       ####....     4%          4    ####...
e - Blade Hands           Tmut           #####.....   2%          5    ######.
f - Swiftness             Chrm/Air       #.......     26%         2    ##.....
g - Apportation           Tloc           #.....       17%         1    None
h - Statue Form           Tmut/Erth      ####.....    52%         6    #######


Dungeon Overview and Level Annotations

Branches:
Dungeon (15/15)            Temple (1/1) D:7            Lair (6/6) D:8
  Swamp (1/4) Lair:3        Snake (0/4) Lair:3        Slime (0/5) Lair:5
    Orc (2/2) D:9             Elf (0/3) Orc:2        Vaults (0/5) D:13
 Depths (0/5) D:15

Altars:
Ashenzari
Cheibriados
Dithmenos
Elyvilon
Fedhas
Gozag
Hepliaklqana
Kikubaaqudgha
Makhleb
Nemelex Xobeh
Okawaru
Qazlal
Ru
Sif Muna
Trog
Uskayaw
Vehumet
Xom
Yredelemnul
Zin
The Shining One
Beogh

Shops:
D:5 !   D:11 (   Orc:1 ::[[   Orc:2 *:((

Portals:
Trove: D:13 (show slimy rune of Zot)


Innate Abilities, Weirdness & Mutations

((You can breathe bolts of dispelling energy.))
((Your rich purple scales are hard. (AC +9)))
You cannot fit into any form of body armour.
((You are cold-blooded and may be slowed by cold attacks.))
Your life essence is reduced. (-10% HP)


Message History

Marzena hits the hornet with a dagger of draining!
Marzena drains the hornet!
The vampire mosquito bites you.
The vampire mosquito draws strength from your injuries!
The hornet misses you. The hornet stings you.
* * * LOW HITPOINT WARNING * * *
The hornet closely misses you.
You punch the hornet! You freeze the hornet.
The hornet is almost dead.
The vampire mosquito closely misses you.
The hornet stings you!
* * * LOW HITPOINT WARNING * * *
You feel as though you will be slow longer.
The hornet barely misses you. The hornet stings you!
* * * LOW HITPOINT WARNING * * *
Marzena hits the hornet with a dagger of draining!
The hornet dies!
The vampire mosquito barely misses you. The hornet stings you!
* * * LOW HITPOINT WARNING * * *
The hornet stings you.
You die...

♣♣♣♣ ♣♣ ♣♣♣♣♣♣♣♣≈≈♣♣
♣♣...
♣..≈≈...≈≈.♣♣♣♣♣..≈≈≈
♣..≈≈.≈≈≈≈.≈.R...≈≈≈≈
♣....≈≈..≈≈..≈≈§....
♣♣♣♣♣♣.......≈≈.Yy≈≈...≈
........≈.....≈≈yy≈≈..≈.
≈≈≈.....≈.....≈≈≈.......
≈≈≈≈..♣♣♣♣≈...≈≈≈...≈...
≈≈≈≈..♣≈≈♣♣≈..§≈≈≈.≈♣≈..
.♣♣...≈...≈♣≈..≈≈§!♣♣ ♣.
≈♣♣....≈≈♣♣♣♣♣.≈≈≈.♣
.♣♣.≈.♣♣♣♣ ♣♣≈.♣♣♣
..≈...♣ .≈.


You could see the friendly Marzena the hexer, 2 hornets and a vampire mosquito.

Vanquished Creatures
  Kirke (Lair:4)
  The ghost of mg7810 the Severer, a journeyman HOFi of Nemelex Xobeh (Orc:2)
  A dire elephant (Lair:6)
  The ghost of Bloodandfire the Thaumaturge, a journeyman DEEE of Sif Muna (Lair:3)
  4 vault guards (D:13)
  2 centaur warriors
  3 catoblepae
  6 hydras
  11 two-headed ogres
  19 death yaks
  2 tengu warriors (D:14)
  4 orc high priests
  Urug (Orc:1)
  Nergalle (Orc:1)
  3 unseen horrors
  A swamp dragon (Swamp:1)
  A deep elf archer (D:13)
  A wizard (D:13)
  A shambling mangrove (Swamp:1)
  A lindwurm (Lair:6)
  7 orc knights
  A wolf spider zombie (D:15)
  4 orc sorcerers
  A salamander (D:15)
  3 manticores
  3 cyclopes
  3 ugly things (D:15)
  7 black mambas
  4 centaur zombies
  An ice statue (D:8)
  3 gargoyles
  4 elephants
  15 spiny frogs
  A freezing wraith (D:14)
  8 ice devils (D:8)
  A redback zombie (D:15)
  7 rime drakes
  2 tengu conjurers
  7 komodo dragons
  4 hornets
  8 trolls
  10 polar bears
  A bog body (Lair:3)
  7 dream sheep
  22 blink frogs
  15 hippogriffs
  A shadow (D:13)
  2 spriggans (Swamp:1)
  5 centaur simulacra (D:14)
  2 wyverns
  A water elemental (D:14)
  3 wraiths
  A vampire (D:11)
  2 humans (D:13)
  43 yaks
  2 hogs (Lair:4)
  3 basilisks
  2 hungry ghosts
  2 steam dragons
  2 wargs (Orc:2)
  A swamp worm (Lair:3)
  A soldier ant (D:15)
  6 insubstantial wisps (Swamp:1)
  A naga (Lair:3)
  4 acid dragons
  12 water moccasins
  8 porcupines
  8 ice beasts
  A meliai simulacrum (D:14)
  A swamp drake (Lair:6)
  5 sky beasts
  26 orc warriors
  6 black bears
  3 eyes of draining
  9 ogres
  3 phantoms
  11 wolves
  A necrophage (D:7)
  10 centaurs
  A hexer (D:15)
  16 crocodiles
  2 big kobolds
  A big kobold (shapeshifter) (D:15)
  17 bullfrogs
  A scorpion (D:8)
  2 wyvern skeletons
  17 killer bees
  2 wights (D:15)
  5 howler monkeys
  2 electric eels (D:14)
  5 jellies
  A bullfrog zombie (D:13)
  6 crimson imps
  A wyvern simulacrum (D:14)
  6 hounds
  25 orc wizards
  23 orc priests
  A bullfrog skeleton (D:12)
  6 iguanas
  3 hell rats (Lair:4)
  19 worker ants
  2 killer bee zombies
  A hound zombie (D:9)
  A hound skeleton (D:4)
  2 worker ant zombies
  2 howler monkey zombies (D:7)
  11 adders
  7 gnolls
  3 shadow imps
  4 white imps (D:14)
  6 ufetubi
  An ooze (D:1)
  An adder zombie (D:6)
  2 adder skeletons
  5 worms
  4 dart slugs
  7 leopard geckos
  87 orcs
  2 ball pythons
  11 giant cockroaches
  10 goblins
  8 hobgoblins
  24 jackals
  2 quokkas
  11 bats
  7 frilled lizards
  A jackal zombie (D:7)
  16 kobolds
  2 quokka skeletons
  5 rats
809 creatures vanquished.

Vanquished Creatures (collateral kills)
  4 hydras
  A two-headed ogre (D:15)
  A death yak (Lair:6)
  A tengu warrior (D:14)
  A lindwurm (Lair:6)
  A wolf spider (D:15)
  A cyclops (D:12)
  3 spiny frogs
  A komodo dragon (Lair:1)
  2 polar bears
  A hornet (Swamp:1)
  A slime creature (D:13)
  3 blink frogs
  4 dream sheep (Lair:6)
  6 yaks
  2 basilisks
  2 nagas (Lair:3)
  3 water moccasins
  3 porcupines
  2 black bears (Lair:2)
  A swamp drake (Swamp:1)
  2 ogres
  4 crocodiles
  2 bullfrogs
  A water moccasin zombie (D:8)
  3 wights (D:15)
  An electric eel (D:14)
  2 hounds
  4 orc wizards
  An orc priest (Orc:2)
  An iguana (D:4)
  Natasha (D:2)
  A hell rat (Lair:4)
  A gnoll (D:4)
  2 adders (D:2)
  9 orcs
  A ball python (D:4)
  A kobold (D:9)
  3 fungi
  2 plants (Lair:6)
86 creatures vanquished.

Vanquished Creatures (others)
  8 ancestors
  23 hexers
  2 ufetubi (D:8)
  An orc (Orc:2)
  A bush (Lair:6)
  39 fungi
  27 plants
101 creatures vanquished.

Grand Total: 996 creatures vanquished

Notes
Turn   | Place    | Note
-------+----------+-------------------------------------------
     0 | D:1      | stebl the Draconian Transmuter began the quest for the Orb.
     0 | D:1      | Reached XP level 1. HP: 16/16 MP: 3/3
   858 | D:1      | Reached XP level 2. HP: 12/23 MP: 3/5
   865 | D:1      | Learned a level 2 spell: Sticks to Snakes
  1977 | D:2      | Reached XP level 3. HP: 28/28 MP: 6/6
  1982 | D:2      | Learned a level 3 spell: Spider Form
  2088 | D:2      | Noticed Natasha
  2097 | D:2      | Killed Natasha
  2097 | D:2      | Reached skill level 4 in Unarmed Combat
  3092 | D:2      | Reached XP level 4. HP: 32/35 MP: 5/7
  4481 | D:3      | Reached XP level 5. HP: 40/40 MP: 9/9
  5118 | D:4      | Noticed an ogre
  5164 | D:4      | Reached skill level 5 in Unarmed Combat
  5242 | D:4      | Noticed a hippogriff
  5252 | D:4      | Killed a hippogriff
  5252 | D:4      | Reached XP level 6. HP: 7/47 MP: 6/10
  5386 | D:4      | Reached skill level 6 in Unarmed Combat
  6094 | D:4      | Reached skill level 1 in Poison Magic
  6184 | D:4      | Your scales start taking on a rich purple colour.
  6184 | D:4      | Reached XP level 7. HP: 39/52 MP: 12/12
  6511 | D:5      | Entered Level 5 of the Dungeon
  6577 | D:5      | Learned a level 4 spell: Ice Form
  7527 | D:4      | Reached skill level 7 in Unarmed Combat
  7687 | D:5      | Found Aquwkax's Distillery.
  7691 | D:5      | Bought a potion of haste for 100 gold pieces
  8178 | D:4      | Reached skill level 1 in Ice Magic
  8445 | D:5      | Reached XP level 8. HP: 38/59 MP: 9/13
  8574 | D:5      | Reached skill level 8 in Unarmed Combat
  8649 | D:5      | Reached skill level 5 in Transmutations
  8982 | D:5      | Found a hide-covered altar of Uskayaw.
  9321 | D:6      | Found a snail-covered altar of Cheibriados.
  9842 | D:6      | Reached skill level 9 in Unarmed Combat
 11151 | D:7      | Reached XP level 9. HP: 33/70 MP: 4/14
 11581 | D:7      | Found a glowing golden altar of the Shining One.
 11585 | D:7      | Found a shimmering altar of Xom.
 11586 | D:7      | Found a blossoming altar of Fedhas.
 11661 | D:7      | Found a radiant altar of Vehumet.
 11662 | D:7      | Found a white marble altar of Elyvilon.
 11669 | D:7      | Found a staircase to the Ecumenical Temple.
 11687 | Temple   | Entered the Ecumenical Temple
 11987 | D:7      | Reached skill level 10 in Unarmed Combat
 12311 | D:7      | Found a shadowy altar of Dithmenos.
 12311 | D:7      | Found a hazy altar of Hepliaklqana.
 12326 | D:7      | Found a faded altar of an unknown god.
 12328 | D:7      | Found an opulent altar of Gozag.
 12329 | D:7      | Found a faded altar of an unknown god.
 12340 | D:7      | Became a worshipper of Hepliaklqana the Forgotten
 12381 | D:8      | Noticed a two-headed ogre
 12398 | D:7      | Killed a two-headed ogre
 12612 | D:8      | Reached skill level 11 in Unarmed Combat
 12678 | D:8      | Noticed an elephant
 12710 | D:8      | Reached XP level 10. HP: 66/71 MP: 12/15
 13047 | D:8      | Killed an elephant
 13047 | D:8      | Reached skill level 5 in Fighting
 13399 | D:8      | Noticed an ice statue
 13480 | D:8      | Found a bloodstained altar of Trog.
 13546 | D:8      | Found a staircase to the Lair.
 13552 | D:8      | Got a steaming brass ring
 13553 | D:8      | Identified the ring of Xom's Absentmindedness {Str+4 SInv} (You found it on level 8 of the Dungeon)
 13808 | Lair:1   | Entered Level 1 of the Lair of Beasts
 14507 | Lair:1   | Reached skill level 12 in Unarmed Combat
 14866 | Lair:1   | Reached * piety under Hepliaklqana
 15241 | Lair:1   | Noticed a spiny frog
 15249 | Lair:1   | Killed a spiny frog
 15449 | Lair:1   | Noticed an eight-headed hydra
 15678 | Lair:1   | Killed an eight-headed hydra
 15678 | Lair:1   | Reached skill level 13 in Unarmed Combat
 15678 | Lair:1   | Reached XP level 11. HP: 44/80 MP: 4/16
 15994 | Lair:1   | Learned a level 5 spell: Blade Hands
 16242 | Lair:2   | HP: 1/80 [polar bear (6)]
 16913 | Lair:2   | Reached ** piety under Hepliaklqana
 16914 | Lair:2   | Remembered your ancestor Marzena as a hexer
 17075 | Lair:2   | Found a shadowy altar of Dithmenos.
 18444 | Lair:3   | Found a staircase to the Snake Pit.
 18460 | Lair:3   | Reached skill level 14 in Unarmed Combat
 18533 | Lair:3   | Noticed Bloodandfire's ghost (journeyman DEEE)
 18552 | Lair:3   | Killed Bloodandfire's ghost
 18801 | Lair:3   | Noticed a six-headed hydra
 18880 | Lair:3   | Found a staircase to the Swamp.
 19812 | Lair:4   | Reached XP level 12. HP: 91/91 MP: 10/18
 19970 | Lair:4   | Reached *** piety under Hepliaklqana
 20381 | Lair:4   | Noticed Kirke
 21369 | Lair:3   | Reached skill level 15 in Unarmed Combat
 21423 | Lair:4   | Killed Kirke
 21831 | Lair:4   | Noticed a seven-headed hydra
 21842 | Lair:4   | Killed a seven-headed hydra
 22162 | Lair:5   | Reached skill level 10 in Transmutations
 22441 | Lair:5   | Found a staircase to the Slime Pits.
 22651 | Lair:5   | Reached skill level 16 in Unarmed Combat
 22905 | Lair:5   | Found a shimmering altar of Xom.
 23199 | Lair:5   | Noticed a six-headed hydra
 23212 | Lair:5   | Killed a six-headed hydra
 23465 | Lair:6   | Entered Level 6 of the Lair of Beasts
 23473 | Lair:6   | Reached skill level 10 in Fighting
 23479 | Lair:5   | Reached XP level 13. HP: 66/101 MP: 11/19
 24968 | Lair:6   | Reached **** piety under Hepliaklqana
 25828 | Lair:6   | Reached skill level 17 in Unarmed Combat
 27259 | Lair:6   | Reached XP level 14. HP: 77/111 MP: 14/20
 27536 | Lair:6   | Reached skill level 18 in Unarmed Combat
 27854 | Lair:6   | Reached skill level 5 in Dodging
 30965 | Lair:3   | Reached skill level 5 in Spellcasting
 31330 | D:8      | Reached skill level 19 in Unarmed Combat
 31736 | D:9      | Found a burning altar of Makhleb.
 32098 | D:9      | Learned a level 2 spell: Swiftness
 32100 | D:9      | Learned a level 1 spell: Apportation
 32560 | D:9      | Found a staircase to the Orcish Mines.
 32579 | D:9      | Found a roughly hewn altar of Beogh.
 32973 | Orc:1    | Entered Level 1 of the Orcish Mines
 32985 | Orc:1    | Noticed Nergalle
 33062 | Orc:1    | Found Ecaff's Book Shop.
 33064 | Orc:1    | Noticed Urug
 33080 | Orc:1    | Killed Urug
 33137 | Orc:1    | Found Sissy's Book Boutique.
 33385 | Orc:1    | Found Pisibo Ykai's Antique Armour Emporium.
 33565 | Orc:1    | Found Kewkaiju's Armour Shop.
 33578 | Orc:1    | Killed Nergalle
 33578 | Orc:1    | Reached XP level 15. HP: 110/119 MP: 14/22
 33653 | Orc:2    | Entered Level 2 of the Orcish Mines
 33775 | Orc:2    | Noticed mg7810's ghost (journeyman HOFi)
 33786 | Orc:2    | Killed mg7810's ghost
 34871 | Orc:2    | Found a staircase to the Elven Halls.
 35554 | Orc:2    | Reached skill level 1 in Invocations
 35694 | Orc:2    | Found Wielyi's Antique Weapon Shoppe.
 35694 | Orc:2    | Found Raduur's General Store.
 35696 | Orc:2    | Found Xiott's Book Shop.
 35696 | Orc:2    | Found Tuclar's Antique Weapon Shoppe.
 35706 | Orc:2    | Bought a book of Transfigurations for 605 gold pieces
 35716 | Orc:2    | Learned a level 6 spell: Statue Form
 35909 | Orc:2    | Found a roughly hewn altar of Beogh.
 36245 | D:10     | Entered Level 10 of the Dungeon
 36662 | D:10     | Reached ***** piety under Hepliaklqana
 37210 | D:11     | Found Ymoqun Mil's Weapon Shoppe.
 37591 | D:12     | Reached skill level 1 in Earth Magic
 37644 | D:12     | Reached skill level 20 in Unarmed Combat
 38798 | D:13     | Found a gate to the Vaults.
 39089 | D:13     | Found a portal to a secret trove of treasure.
 40596 | D:14     | Got a pair of smoking gloves
 40632 | D:14     | Identified the +1 pair of gloves of the Lotus Blossom {rN+ Regen+ Str+3 Dex-5} (You found it on level 14 of the Dungeon)
 41038 | D:15     | Entered Level 15 of the Dungeon
 41187 | D:15     | Found a staircase to the Depths.
 41328 | D:15     | Reached XP level 16. HP: 86/128 MP: 23/23
 41769 | D:15     | Reached skill level 5 in Earth Magic
 43013 | Swamp:1  | Entered Level 1 of the Swamp
 43024 | Swamp:1  | Reached ****** piety under Hepliaklqana
 43282 | Swamp:1  | HP: 2/153 [hornet[a shambling mangrove] (17)]
 43282 | Swamp:1  | Slain by a hornet

Skill      XL: |  1  2  3  4  5  6  7  8  9 10 11 12 13 14 15 16 |
---------------+-------------------------------------------------+-----
Unarmed Combat | 4 5 6 7 9 11 13 14 16 17 19 20 | 20.1
Transmutations | 3 4 5 6 7 9 10 12 13 | 13.0
Spellcasting   | 3 4 5 |  5.0
Poison Magic   | 1 |  1.0
Ice Magic      | 1 2 4 |  4.0
Fighting       | 3 4 6 8 10 11 12 13 | 13.0
Dodging        | 2 4 6 |  6.5
Invocations    | 1 |  1.3
Earth Magic    | 4 5 |  5.4

Action                   |  1- 3 |  4- 6 |  7- 9 | 10-12 | 13-15 | 16-18 || total
-------------------------+-------+-------+-------+-------+-------+-------++-------
Melee: Unarmed           |   103 |   234 |   419 |   441 |  1221 |   131 ||  2549
       Kick              |     9 |     9 |     7 |       |       |       ||    25
       Headbutt          |     9 |     9 |     4 |       |       |       ||    22
       Punch             |     2 |     2 |    10 |    13 |   100 |    13 ||   140
       Tailslap          |     8 |    28 |    40 |    25 |   167 |    20 ||   288
Throw: Stone             |    12 |    15 |    39 |       |       |       ||    66
       Tomahawk          |       |       |    11 |    29 |    33 |     2 ||    75
 Cast: Beastly Appendage |    11 |    13 |     5 |       |       |       ||    29
       Sticks to Snakes  |     3 |    26 |    13 |    44 |    50 |       ||   136
       Spider Form       |       |     2 |    20 |    19 |     3 |       ||    44
       Ice Form          |       |       |     3 |    25 |    25 |     2 ||    55
       Blade Hands       |       |       |       |     3 |    46 |     3 ||    52
Invok: Recall Ancestor   |       |       |       |     3 |     8 |       ||    11
       Ancestor Life: He |       |       |       |     1 |       |       ||     1
       Transference      |       |       |       |       |     1 |       ||     1
 Abil: Breathe Dispellin |       |       |     8 |    18 |    22 |     2 ||    50
       End Transformatio |       |       |       |     1 |       |       ||     1
Evoke: Wand              |       |       |       |    12 |    18 |       ||    30
  Use: Scroll            |       |     8 |     3 |     5 |    11 |     1 ||    28
       Potion            |       |     1 |     7 |     4 |       |     1 ||    13
 Stab: Sleeping          |       |     4 |     2 |     2 |     6 |     1 ||    15
       Distracted        |       |     1 |       |     4 |    18 |     3 ||    26
       Confused          |       |       |       |     6 |    16 |       ||    22
       Paralysed         |       |       |       |       |    20 |     5 ||    25
  Eat: Chunk             |     7 |    12 |    14 |    32 |    63 |     4 ||   132
       Bread ration      |       |       |     2 |     1 |     3 |       ||     6
       Fruit             |       |       |     1 |     1 |     3 |       ||     5
       Royal jelly       |       |       |     1 |     3 |     4 |     1 ||     9
       Meat ration       |       |       |       |     1 |       |       ||     1
Armor: Skin              |    13 |    77 |    84 |    58 |   176 |    20 ||   428
Dodge: Dodged            |    48 |   154 |   235 |   222 |   499 |    63 ||  1221
       Deflected         |       |       |       |       |    21 |     3 ||    24
